 Dungeon Crawl Stone Soup version 0.31.0-11-ge490571c62 (webtiles) character file.

Game seed: 18329411484185464623

43012 Arcadio the Stormcaller (level 14, -7/88 HPs)
             Began as a Tengu Air Elementalist on Jan 28, 2024.
             Was a High Priest of Sif Muna.
             Mangled by a six-headed hydra (13 damage)
             ... on level 11 of the Dungeon.
             The game lasted 01:24:08 (27486 turns).

Arcadio the Stormcaller (Tengu Air Elementalist)   Turns: 27486, Time: 01:24:08

Health: -7/88      AC: 12    Str:  9    XL:     14   Next: 22%
Magic:  22/30      EV: 19    Int: 25    God:    Sif Muna [*****.]
Gold:   1412       SH:  0    Dex: 22    Spells: 25/35 levels left

rFire   . . .        G - +0 scimitar (freeze)
rCold   + . .        (no shield)
rNeg    . . .        Z - +0 scale mail {rC+}
rPois   .            (helmet restricted)
rElec   .            w - +2 cloak
rCorr   .            h - +2 pair of gloves
SInv    .            (boots unavailable)
Will    +....        i - amulet of faith
Stlth   ++           s - +6 ring of intelligence
HPRegen 0.34/turn    N - +6 ring of dexterity
MPRegen 0.22/turn

%: acrobat, faith
@: about to teleport, flying, studying Alchemy
A: beak, talons 3, evasive flight, acrobatic
a: Renounce Religion, Channel Magic, Forget Spell, Divine Exegesis


You were on level 11 of the Dungeon.
You worshipped Sif Muna.
Sif Muna was extremely pleased with you.
You visited 4 branches of the dungeon, and saw 20 of its levels.

You collected 1503 gold pieces.
You spent 91 gold pieces at shops.

Inventory:

Hand Weapons
 k - a +1 heavy morningstar
 x - a +1 falchion of flaming
 G - a +0 scimitar of freezing (weapon)
Armour
 a - a +0 leather armour of poison resistance
 h - a +2 pair of gloves (worn)
 w - a +2 cloak (worn)
 T - the +7 scale mail of Muecrol {Harm rF+ rCorr}
   (You found it on level 5 of the Lair of Beasts)

   rF+:       It protects you from fire.
   rCorr:     It protects you from acid and corrosion.
   Harm:      It increases damage dealt and taken.
 Z - a +0 scale mail of cold resistance (worn)
Jewellery
 i - an amulet of faith (around neck)
 r - a ring of positive energy
 s - a +6 ring of intelligence (left hand)
 t - an amulet of regeneration
 y - a ring of protection from cold
 N - a +6 ring of dexterity (right hand)
 O - a ring of wizardry
 R - a ring of see invisible
 U - a ring of protection from fire
 X - a ring of ice
 Y - a ring of resist corrosion
Wands
 m - a wand of iceblast (5)
 p - a wand of light (14)
 C - a wand of polymorph (9)
 E - a wand of flame (5)
 J - a wand of paralysis (4)
 K - a wand of mindburst (25)
 Q - a wand of digging (4)
Scrolls
 c - a scroll of revelation
 d - a scroll of silence {unknown}
 f - 6 scrolls of teleportation
 o - 2 scrolls of torment
 z - 3 scrolls of enchant armour
 B - 5 scrolls of poison
 F - 2 scrolls of amnesia {unknown}
 I - 2 scrolls of noise {unknown}
 L - 4 scrolls of immolation {unknown}
 M - a scroll of fog {unknown}
 P - a scroll of vulnerability {unknown}
 S - 3 scrolls of enchant weapon {unknown}
 W - 2 scrolls of brand weapon {unknown}
Potions
 b - 2 potions of magic
 e - a potion of resistance
 g - 2 potions of cancellation
 j - 8 potions of curing
 l - a potion of lignification
 n - 3 potions of attraction
 q - 2 potions of enlightenment
 u - a potion of heal wounds {unknown}
 v - 2 potions of invisibility {unknown}
 A - a potion of berserk rage {unknown}
 D - 5 potions of might {unknown}
 H - 4 potions of haste
 V - 2 potions of brilliance {unknown}


   Skills:
 - Level 10.8 Fighting
 + Level 2.5 Armour
 - Level 13.1 Dodging
 - Level 5.7 Stealth
 + Level 11.4 Spellcasting
 - Level 6.6 Conjurations
 + Level 16.0 Air Magic


You had 25 spell levels left.
You knew the following spells:

 Your Spells              Type           Power      Damage    Failure   Level
a - Shock                 Conj/Air       100%       1d9       1%          1
b - Static Discharge      Conj/Air       100%       3-8/arc   1%          2
c - Swiftness             Air            76%        N/A       1%          3
d - Airstrike             Air            38%        2d(6-22)  1%          4

Your spell library contained the following spells:

 Spells                   Type           Power      Damage    Failure   Level
 Foxfire                  Conj/Fire      100%       2x1d9     9%          1
 Stone Arrow              Conj/Erth      60%        3d10      26%         3
 Sandblast                Erth           28%        2d8       32%         1
 Slow                     Hex            56%        N/A       32%         1
 Brom's Barrelling Bould  Conj/Erth      30%        2d5       63%         4
 Confusing Touch          Hex            14%        N/A       67%         3
 Frozen Ramparts          Ice            28%        1d5       67%         3
 Gell's Gravitas          Tloc           14%        N/A       67%         3
 Passwall                 Erth           14%        N/A       67%         3
 Sigil of Binding         Hex            14%        N/A       67%         3
 Teleport Other           Tloc           14%        N/A       67%         3
 Vampiric Draining        Necr           14%        2d7       67%         3
 Plasma Beam              Fire/Air       26%        2x1d39    88%         6
 Leda's Liquefaction      Alch/Erth      7%         N/A       97%         4
 Petrify                  Alch/Erth      14%        N/A       97%         4
 Metabolic Englaciation   Hex/Ice        7%         N/A       100%        5
 Dispersal                Tloc           7%         N/A       100%        6
 Starburst                Conj/Fire      15%        6d6       100%        6


Dungeon Overview and Level Annotations

Branches:
Dungeon (12/15)            Temple (1/1) D:4            Lair (5/5) D:9
 Shoals (0/4) Lair:3        Snake (0/4) Lair:3        Slime (0/5) Lair:4
    Orc (2/2) D:9
    Elf: Orc:2

Altars:
Ashenzari
Cheibriados
Dithmenos
Elyvilon
Fedhas
Gozag
Hepliaklqana
Kikubaaqudgha
Makhleb
Nemelex Xobeh
Okawaru
Qazlal
Ru
Sif Muna
Trog
Uskayaw
Vehumet
Wu Jian
Xom
Yredelemnul
Zin
The Shining One

Shops:
D:2 ?   D:4 **   D:10 =   Orc:1 [(?   Orc:2 =[

Annotations:
Lair:2 3 runed translucent doors, Zoobame's ghost, journeyman DEHW
Lair:3 1 runed translucent door, Naps's ghost, journeyman TrSh


Innate Abilities, Weirdness & Mutations

You have a beak for a mouth.
You have claws for feet.
Your magical flight helps you evade attacks. (EV +4)
You can magically evade attacks while moving or waiting.


Message History

The tengu conjurer casts a spell.
The tengu conjurer conjures a globe of magical energy!
The six-headed hydra bites you. x2; The six-headed hydra barely misses you. x2
The six-headed hydra misses you.
The six-headed hydra bites you but does no damage.
A battlesphere comes into view.
There is a stone staircase leading down, spattered with blood here.
Casting: Airstrike (safe; 1% risk of failure)
Confirm with . or Enter, or press ? or * to list all spells.
Aiming: Airstrike (safe; 1% risk of failure)
Press: ? - help, Dir - move target, f - six-headed hydra
Aim: a six-headed hydra (empty space bonus: 7/8)
The air twists around and strikes the six-headed hydra!!
The six-headed hydra is moderately wounded.
The six-headed hydra completely misses you.
The six-headed hydra bites you! The six-headed hydra bites you.
The six-headed hydra bites you but does no damage.
The six-headed hydra misses you. The six-headed hydra barely misses you.
Casting: Airstrike (safe; 1% risk of failure)
Confirm with . or Enter, or press ? or * to list all spells.
Aiming: Airstrike (safe; 1% risk of failure)
Press: ? - help, Dir - move target, f/p - six-headed hydra
Aim: a six-headed hydra (moderately wounded, empty space bonus: 7/8)
The air twists around and strikes the six-headed hydra!
The six-headed hydra is heavily wounded.
The six-headed hydra bites you! x2; The six-headed hydra misses you. x2
The six-headed hydra closely misses you.
The six-headed hydra bites you.
Unknown command.
As you read the scroll of teleportation, it crumbles to dust.
You feel strangely unstable. The tengu conjurer hits you.
The tengu conjurer pecks you but does no damage.
The tengu conjurer completely misses you.
The six-headed hydra bites you!
* * * LOW HITPOINT WARNING * * *
The six-headed hydra bites you but does no damage.
The six-headed hydra bites you!
* * * LOW HITPOINT WARNING * * *
The six-headed hydra misses you. The six-headed hydra bites you!
You die...

#).## #...##..# #...#
#.......# ##...###
#....#..#
#......####....#.####
#...................#
##.............#......
##.....................
##.............Q*D......
#.............[.@.......
........................
...#.#...##.##....$.....
...#....##...##.........
.......##.#. ##........
.....#.#.D #........
.....#.# #........
.....# # #...#...$
...###


You could see a six-headed hydra, a tengu conjurer and a battlesphere
(distracted).

Vanquished Creatures
  Snorg (D:9)
  2 hydras
  Fannar (Orc:1)
  Urug (Lair:1)
  2 death yaks
  A two-headed ogre (Orc:2)
  A tengu warrior (D:11)
  2 skysharks
  A swamp dragon (Lair:5)
  A lindwurm (Lair:4)
  An orc knight (D:9)
  A necromancer (D:9)
  2 orc sorcerers
  A manticore (Lair:5)
  2 kobold blastminers (Orc:1)
  11 elephants
  3 black mambas (Lair:5)
  A gargoyle (D:11)
  15 cane toads
  2 torpor snails
  7 komodo dragons
  2 rime drakes
  Psyche (D:8)
  6 trolls
  Grinder (D:6)
  9 blink frogs
  6 dream sheep (Lair:4)
  2 shadows (D:10)
  Eustachio (D:4)
  26 yaks
  10 wyverns
  10 basilisks
  A warg (Orc:1)
  2 vampire mosquitoes (D:11)
  2 steam dragons
  3 nagas (Lair:3)
  Edmund (D:4)
  3 acid dragons
  13 water moccasins
  Duvessa (D:4)
  2 swamp drakes
  10 orc warriors
  An ice beast (D:6)
  A sky beast (D:8)
  8 ogres
  6 centaurs
  5 wolves
  4 kobold brigands
  A gnoll sergeant (D:6)
  12 bullfrogs
  5 scorpions
  8 wights
  Dowan (D:4)
  2 howler monkeys
  3 electric eels (D:9)
  5 hounds
  2 jellies (D:6)
  A bullfrog skeleton (D:7)
  14 orc priests
  A sleepcap (D:5)
  6 iguanas
  3 scorpion zombies (D:7)
  8 hell rats (Lair:1)
  18 orc wizards
  3 polar bear simulacra (D:9)
  2 yak simulacra (D:9)
  2 wolf simulacra (D:9)
  2 howler monkey skeletons (D:7)
  8 adders
  5 gnolls (D:6)
  7 river rats
  A shadow imp (D:6)
  A white imp (D:6)
  3 dart slugs
  60 orcs
  5 bats
  6 endoplasms
  3 giant cockroaches
  2 goblins
  8 hobgoblins
  11 jackals
  14 kobolds
  3 quokkas
  A ball python (D:4)
  3 frilled lizards
  11 rats
  4 river rat simulacra (D:9)
451 creatures vanquished.

Notes
Turn   | Place    | Note
-------+----------+-------------------------------------------
     0 | D:1      | Arcadio the Tengu Air Elementalist began the quest for the
                  | Orb.
     0 | D:1      | Reached XP level 1. HP: 10/10 MP: 4/4
   200 | D:1      | Reached XP level 2. HP: 15/15 MP: 3/6
   730 | D:1      | Reached XP level 3. HP: 19/19 MP: 4/7
  1733 | D:2      | Reached XP level 4. HP: 24/24 MP: 1/8
  1825 | D:2      | Found Guden's Magic Scroll Shoppe.
  1829 | D:2      | Bought a scroll of identify for 26 gold pieces
  1829 | D:2      | Bought a scroll of identify for 26 gold pieces
  1829 | D:2      | Bought a scroll of teleportation for 39 gold pieces
  2256 | D:3      | Learned a level 2 spell: Static Discharge
  2260 | D:3      | Learned a level 3 spell: Swiftness
  2683 | D:4      | Noticed Duvessa
  2774 | D:4      | Found a staircase to the Ecumenical Temple.
  2780 | D:4      | Noticed a scorpion
  2783 | D:4      | Reached XP level 5. HP: 25/28 MP: 3/10
  2797 | D:4      | Reached skill level 5 in Air Magic
  2849 | Temple   | Entered the Ecumenical Temple
  2854 | Temple   | Became a worshipper of Sif Muna the Loreminder
  2949 | D:4      | Reached XP level 6. HP: 32/32 MP: 5/11
  2955 | D:4      | Found Goetz's Fire Supplies.
  3048 | D:4      | Noticed Eustachio
  3057 | D:4      | Learned a level 4 spell: Airstrike
  3080 | D:4      | Killed Eustachio
  3328 | D:4      | Found Wymno's Lightly-Used Armoury.
  3408 | D:4      | Noticed Dowan
  3410 | D:4      | Killed Dowan
  3411 | D:4      | Gained mutation: Your magical flight helps you evade
                  | attacks. (EV +4) [Tengu growth]
  3411 | D:4      | Reached XP level 7. HP: 36/36 MP: 4/13
  3451 | D:4      | Killed Duvessa
  3678 | D:4      | Reached skill level 6 in Air Magic
  3845 | D:4      | Noticed Edmund
  3848 | D:4      | Killed Edmund
  3849 | D:4      | Reached skill level 5 in Conjurations
  3943 | D:4      | Found a sacrificial altar of Ru.
  4083 | D:5      | Entered Level 5 of the Dungeon
  4305 | D:5      | Reached XP level 8. HP: 32/41 MP: 4/15
  4398 | D:5      | Reached * piety under Sif Muna
  5119 | D:5      | Reached skill level 5 in Dodging
  5119 | D:5      | Reached skill level 5 in Stealth
  5208 | D:5      | Reached skill level 7 in Air Magic
  5626 | D:6      | Noticed Grinder
  5759 | D:6      | Found an iron altar of Okawaru.
  5778 | D:6      | Found a glowing golden altar of the Shining One.
  5804 | D:6      | Reached XP level 9. HP: 18/45 MP: 1/17
  5945 | D:6      | Reached ** piety under Sif Muna
  5946 | D:6      | Reached skill level 5 in Spellcasting
  5998 | D:6      | Found a basalt altar of Yredelemnul.
  6006 | D:6      | Noticed an angel
  6082 | D:6      | Reached skill level 1 in Fighting
  6095 | D:6      | Reached skill level 8 in Air Magic
  6881 | D:6      | Found an ancient bone altar of Kikubaaqudgha.
  7128 | D:6      | Killed Grinder
  7743 | D:7      | Reached skill level 9 in Air Magic
  8192 | D:8      | Noticed Psyche
  8203 | D:8      | Killed Psyche
  8203 | D:8      | Reached *** piety under Sif Muna
  8204 | D:8      | Reached XP level 10. HP: 38/56 MP: 8/20
  8411 | D:8      | Found an ornate altar of the Wu Jian Council.
  9715 | D:8      | Reached skill level 10 in Air Magic
  9929 | D:9      | Found a staircase to the Lair.
 10103 | D:9      | Found a white marble altar of Elyvilon.
 10151 | D:9      | Found a radiant altar of Vehumet.
 10156 | D:9      | Found a hazy altar of Hepliaklqana.
 10488 | D:9      | Noticed a necromancer
 10492 | D:9      | Killed a necromancer
 10493 | D:9      | Reached skill level 5 in Fighting
 10656 | D:9      | Reached **** piety under Sif Muna
 11196 | D:9      | Found a staircase to the Orcish Mines.
 11683 | Orc:1    | Entered Level 1 of the Orcish Mines
 11683 | Orc:1    | Noticed a kobold blastminer
 11683 | Orc:1    | Noticed a kobold blastminer
 11684 | Orc:1    | Noticed an orc knight
 11685 | Orc:1    | Killed a kobold blastminer
 11688 | Orc:1    | Killed a kobold blastminer
 11689 | Orc:1    | Reached XP level 11. HP: 64/64 MP: 2/23
 11949 | Lair:1   | Entered Level 1 of the Lair of Beasts
 11952 | Lair:1   | Reached skill level 11 in Air Magic
 13251 | Lair:1   | Noticed Urug
 13257 | Lair:1   | Killed Urug
 14688 | Lair:2   | Found a runed translucent gate.
 14689 | Lair:2   | Found a runed translucent gate.
 14689 | Lair:2   | Noticed a seven-headed hydra
 14690 | Lair:2   | Found a runed translucent gate.
 14691 | Lair:2   | Noticed a minotaur
 14692 | Lair:2   | Noticed Zoobame's ghost (journeyman DEHW)
 14854 | Lair:2   | Identified the beast talisman of Siqifej {rElec Dex+3 SInv}
 14874 | Lair:2   | Reached skill level 12 in Air Magic
 15081 | Lair:2   | Reached skill level 10 in Dodging
 15101 | Lair:2   | Reached ***** piety under Sif Muna
 15774 | Lair:2   | Reached XP level 12. HP: 73/73 MP: 5/25
 16065 | Lair:3   | Found a staircase to the Shoals.
 16171 | Lair:3   | Noticed a skyshark
 16176 | Lair:3   | Killed a skyshark
 16610 | Lair:3   | Reached skill level 13 in Air Magic
 17065 | Lair:3   | Found a runed translucent door.
 17066 | Lair:3   | Found a shimmering altar of Xom.
 17066 | Lair:3   | Noticed Naps's ghost (journeyman TrSh)
 17343 | Lair:3   | Noticed a four-headed hydra
 17578 | Lair:4   | Noticed a death yak
 17858 | Lair:4   | Noticed a skyshark
 17863 | Lair:4   | Killed a skyshark
 18629 | Lair:4   | Noticed a death yak
 18629 | Lair:4   | Noticed a death yak
 18816 | Lair:4   | Reached skill level 14 in Air Magic
 19005 | Lair:4   | Found a staircase to the Slime Pits.
 19133 | Lair:4   | Reached XP level 13. HP: 80/80 MP: 3/27
 19262 | Lair:4   | Received a gift from Sif Muna
 19263 | Lair:4   | Reached skill level 10 in Spellcasting
 19454 | Lair:5   | Entered Level 5 of the Lair of Beasts
 20492 | Lair:5   | Identified the +7 scale mail of Muecrol {Harm rF+ rCorr}
 21125 | Lair:5   | Reached skill level 10 in Fighting
 21782 | Lair:5   | Reached skill level 15 in Air Magic
 22112 | Lair:5   | Noticed an ice dragon
 22706 | Lair:3   | Found a staircase to the Snake Pit.
 23219 | Orc:1    | Noticed Snorg
 23588 | D:9      | Killed Snorg
 24389 | Orc:1    | Found Caecsel's Antique Armour Shoppe.
 24471 | Orc:1    | Found Nasimnek's Antique Weapon Shoppe.
 24480 | Orc:1    | Noticed Fannar
 24486 | Orc:1    | Killed Fannar
 24606 | Orc:1    | Found Carchopn's Magic Scroll Boutique.
 24677 | Orc:2    | Entered Level 2 of the Orcish Mines
 24689 | Orc:2    | Received a gift from Sif Muna
 24690 | Orc:2    | Reached XP level 14. HP: 51/88 MP: 9/30
 24883 | Orc:2    | Found Siubop's Armour Emporium.
 24883 | Orc:2    | Found Vuteteo's Jewellery Boutique.
 25038 | Orc:2    | Noticed an orc warlord
 25434 | D:10     | Entered Level 10 of the Dungeon
 25519 | D:10     | Found Ikaido's Jewellery Shop.
 25594 | D:10     | Found an opulent altar of Gozag.
 25814 | D:10     | Reached skill level 1 in Armour
 26298 | D:10     | Found an opulent altar of Gozag.
 27398 | D:11     | Reached skill level 16 in Air Magic
 27486 | D:11     | Mangled by a six-headed hydra

Illustrated notes

Levels and vault maps discovered:
D:1:      lightli_arrival_flooded_house, layout_rooms
D:2:      layout_basic, serial_glass, glass_columns_a, glass_columns_b,
          serial_shops, nicolae_shop_rolled_up, minmay_tall_x
D:3:      layout_loops_ring
D:4:      layout_rooms, mainiacjoe_overflow_six_doors_small,
          minmay_temple_entry_mist, minmay_misc_feat_rows,
          nicolae_shop_fire_sale [nicolae_sub_dead_trees], chequers_mini_garden,
          minmay_shop_damaged, uniq_edmund, uniq_eustachio, uniq_duvessa
D:5:      layout_cave_pods
D:6:      layout_basic, grunt_temple_overflow_holy_war,
          nicolae_kikubaaqudgha_miasma_corner, lemuel_tele_altar,
          amcnicky_mini_pool_small, kennysheep_dice, uniq_grinder
D:7:      layout_gridville, mainiacjoe_ossuary_entry_find_the_door
D:8:      layout_rooms, nzn_wu_jian_contemplation, uniq_psyche
D:9:      layout_basic, general_overflow_altar, grunt_temple_overflow_open,
          erik_lair_island, erik_orc_1, minmay_misc_feat_square,
          eino_house_with_fridge
D:10:     layout_irregular_city, nicolae_gozag_cash_rules_everything_around_me,
          serial_glass, glass_columns_b, glass_columns_c, glass_columns_b,
          serial_shops, shop, kennysheep_doodads, kennysheep_diamond
D:11:     minmay_bloctagon_deflated, layout_cave_pools,
          biasface_ghost_orc_armoury
D:12:     layout_cave_pods
Temple:   nicolae_temple_bog_church
Lair:1:   layout_regular_city, kennysheep_abandoned_house, grunt_megastairs_3,
          uniq_urug
Lair:2:   layout_cave_pods, maelrawn_ghost_gauntlet_escape, grunt_megastairs_5,
          infiniplex_staircase_pool
Lair:3:   layout_gridlike, elwin_shoals_entry_rocks, nicolae_snake_entry_squirm,
          ebering_ghost_xom, kennysheep_basilisk_garden
Lair:4:   layout_gridlike, slime_entry_1, beast_lair_carwin_6,
          serial_bayou_shore_b
Lair:5:   guppyfry_lair_end_dragon, layout_loops_ring, hangedman_lair_in_review
Orc:1:    layout_caves, serial_shops, shop, nicolae_shop_peninsula,
          nicolae_square_shop, uniq_snorg, uniq_fannar
Orc:2:    st_orc_ogre_mass, layout_caves, uniq_saint_roka

Skill      XL: |  1  2  3  4  5  6  7  8  9 10 11 12 13 14 |
---------------+-------------------------------------------+-----
Conjurations   | 2 3 4 5 6 |  6.6
Dodging        | 3 4 5 7 8 10 11 13 | 13.1
Stealth        | 3 4 5 |  5.7
Air Magic      | 5 6 7 9 10 12 14 15 16 | 16.0
Spellcasting   | 3 4 6 7 8 9 11 | 11.4
Fighting       | 3 5 7 9 10 | 10.8
Armour         | 2 |  2.5

Action                     |  1- 3 |  4- 6 |  7- 9 | 10-12 | 13-15 || total
---------------------------+-------+-------+-------+-------+-------++-------
  Melee: Unarmed           |    13 |       |       |       |       ||    13
         Kick              |     4 |     5 |    24 |    42 |    76 ||   151
         Peck              |     3 |     6 |    15 |    25 |    45 ||    94
         Short sword       |     6 |     5 |       |       |       ||    11
         Falchion          |       |    14 |    97 |   111 |   104 ||   326
         Punch             |       |     1 |       |       |       ||     1
         Scimitar          |       |       |       |       |    53 ||    53
   Cast: Shock             |    85 |    54 |   107 |   112 |    15 ||   373
         Static Discharge  |       |     7 |    47 |    42 |    38 ||   134
         Airstrike         |       |     4 |    15 |   211 |   217 ||   447
         Swiftness         |       |       |       |     3 |     6 ||     9
 Invoke: Channel Magic     |       |       |       |     1 |       ||     1
  Evoke: Wand              |       |     2 |       |       |       ||     2
    Use: Scroll            |       |     4 |     4 |     4 |     6 ||    18
         Potion            |       |       |     1 |       |     3 ||     4
   Stab: Sleeping          |       |     1 |     5 |     1 |       ||     7
 Armour: Robe              |    15 |    46 |    54 |       |       ||   115
         Ring mail         |       |       |    40 |   105 |       ||   145
         Skin              |       |       |    25 |       |       ||    25
         Leather armour    |       |       |    19 |    68 |   179 ||   266
         Scale mail        |       |       |       |       |    64 ||    64
  Dodge: Dodged            |    23 |    59 |   138 |   271 |   496 ||   987
